[Event "Titled Tuesday Blitz February 14 Late 2023"]
[White "Gutenev, Alexander"]
[Black "Tarnowska, Aleksandra"]
[WhiteFideId "4195540"]
[BlackFideId "1180967"]
[WhiteElo "2455"]
[BlackElo "1835"]
[Result "1-0"]
[Round "02"]
[TimeControl "180+2"]
[Date "2023.02.14"]
[WhiteClock "0:01:59"]
[BlackClock "0:00:02"]

1. e4 c5 2. Nc3 g6 3. d4 cxd4 4. Qxd4 Nf6 5. Nf3 Nc6 6. Qa4 d6 7. e5 dxe5 8. Nxe5 Bd7 9. Nxd7 Qxd7 10. Be3 a6 11. Rd1 Qc7 12. Nb5 Qc8 13. Na7 Qc7 14. Nxc6 Qxc6 15. Qxc6+ bxc6 16. Be2 Bg7 17. Bf3 Rc8 18. Bc5 Nd7 19. Ba3 e6 20. O-O f5 21. Rfe1 Kf7 22. Rxd7+ Kf6 23. Be7+ Kf7 24. Bg5+ 1-0


[Site "https://www.chess.com"]

[Event "Titled Tuesday Blitz February 14 Late 2023"]
[White "Jaracz, Pawel"]
[Black "Gurevich, Ilya"]
[WhiteFideId "1102222"]
[BlackFideId "2000628"]
[WhiteElo "2467"]
[BlackElo "2586"]
[Result "1-0"]
[Round "02"]
[TimeControl "180+2"]
[Date "2023.02.14"]
[WhiteClock "0:00:16"]
[BlackClock "0:00:01"]

1. d4 Nf6 2. c4 g6 3. h4 h5 4. Nf3 d6 5. Ng5 Bg7 6. Nc3 O-O 7. e4 c5 8. d5 e6 9. Be2 exd5 10. cxd5 Nbd7 11. a4 Re8 12. O-O Ne5 13. Bf4 a6 14. Qc2 Nh7 15. Rfe1 Bf6 16. Nxh7 Kxh7 17. g3 Bg4 18. Bxe5 Bxe5 19. Bxg4 hxg4 20. Qd1 Qd7 21. a5 Bxc3 22. bxc3 Re7 23. Rb1 Rae8 24. Qb3 Rxe4 25. Rxe4 Rxe4 26. Qxb7 Re1+ 27. Kg2 Qxb7 28. Rxb7 Re5 29. Rxf7+ Kg8 30. Ra7 Rxd5 31. Rxa6 Kf7 32. Rb6 Ke6 33. Rb3 Rf5 34. a6 Rf8 35. a7 Ra8 36. Ra3 d5 37. f3 gxf3+ 38. Kxf3 Kd6 39. g4 Kc6 40. h5 gxh5 41. gxh5 Kb7 42. h6 Rf8+ 43. Kg4 Ka8 44. Kg5 Rf1 45. h7 Rg1+ 46. Kf6 Rh1 47. Kg7 Rg1+ 48. Kh8 d4 49. c4 1-0


[Site "https://www.chess.com"]

[Event "Titled Tuesday Blitz February 14 Late 2023"]
[White "Levine, David"]
[Black "Yoo, Christopher Woojin"]
[WhiteFideId "2011611"]
[BlackFideId "30909694"]
[WhiteElo "2040"]
[BlackElo "2607"]
[Result "0-1"]
[Round "02"]
[TimeControl "180+2"]
[Date "2023.02.14"]
[WhiteClock "0:00:11"]
[BlackClock "0:00:17"]

1. d4 Nf6 2. c4 e6 3. g3 c5 4. d5 exd5 5. cxd5 d6 6. Nc3 g6 7. Bg2 Bg7 8. Nf3 O-O 9. O-O a6 10. a4 Re8 11. Bf4 Ne4 12. Nxe4 Rxe4 13. Nd2 Rb4 14. b3 g5 15. Be3 Bf5 16. Ra2 b5 17. axb5 Rxb5 18. Nc4 Qe7 19. Qc1 h6 20. Ra3 Nd7 21. h4 gxh4 22. Bxh6 h3 23. Bf3 Ne5 24. Bxg7 Nxf3+ 25. exf3 Kxg7 26. Qf4 Bd3 27. Nxd6 Rb4 28. Nf5+ Bxf5 29. Qxf5 Rh8 30. Kh2 Rh6 31. Rd1 Qe2 32. Qg5+ Rg6 33. Rd2 Qxf3 34. Qe5+ Kh7 35. d6 Qg2# 0-1


[Site "https://www.chess.com"]

[Event "Titled Tuesday Blitz February 14 Late 2023"]
[White "Makarian, Rudik"]
[Black "Tworuszka, Michal"]
[WhiteFideId "44105681"]
[BlackFideId "1117858"]
[WhiteElo "2545"]
[BlackElo "2260"]
[Result "1-0"]
[Round "02"]
[TimeControl "180+2"]
[Date "2023.02.14"]
[WhiteClock "0:00:06"]
[BlackClock "0:00:01"]

1. d4 Nf6 2. c4 e6 3. Nf3 d5 4. g3 Be7 5. Bg2 O-O 6. O-O dxc4 7. Qc2 a6 8. Qxc4 b5 9. Qc2 Bb7 10. Bd2 Be4 11. Qc1 Nc6 12. Nc3 Bxf3 13. Bxf3 Nxd4 14. Bxa8 Qxa8 15. Be3 c5 16. Bxd4 cxd4 17. Nb1 Qe4 18. Qd1 Rd8 19. Qd3 Qg4 20. Nd2 e5 21. f3 Qh3 22. Ne4 Nd5 23. Nf2 Qh5 24. Rfc1 Bg5 25. Qf5 g6 26. Qxe5 Bxc1 27. Qxh5 gxh5 28. Rxc1 Re8 29. Kf1 f5 30. Rc5 Ne3+ 31. Ke1 Kf7 32. Nd1 d3 33. exd3 Ng4+ 34. Kd2 Nxh2 35. Kc3 Kg6 36. f4 Nf1 37. Rc6+ Kg7 38. Rc7+ Kg6 39. Rc6+ Kg7 40. Nf2 Nxg3 41. Nh3 h4 42. Rxa6 Re1 43. Ra7+ Kg6 44. Ng5 Rh1 45. Nxh7 Ne2+ 46. Kb4 Nxf4 47. Nf8+ Kg5 48. Rg7+ Kh6 49. Rh7+ Kg5 50. Kxb5 Nxd3 51. b4 h3 52. a4 h2 53. a5 Rb1 54. Rxh2 Rxb4+ 55. Kc6 Ra4 56. Kb6 Rb4+ 57. Ka7 Ra4 58. Ne6+ Kf6 59. Rh6+ Ke5 60. a6 1-0


[Site "https://www.chess.com"]

[Event "Titled Tuesday Blitz February 14 Late 2023"]
[White "Pasti, Aron"]
[Black "Gharibyan, Mamikon"]
[WhiteFideId "785857"]
[BlackFideId "13308300"]
[WhiteElo "2361"]
[BlackElo "2500"]
[Result "0-1"]
[Round "02"]
[TimeControl "180+2"]
[Date "2023.02.14"]
[WhiteClock "0:00:56"]
[BlackClock "0:01:49"]

1. e4 e5 2. Nf3 Nc6 3. Bb5 a6 4. Ba4 Nf6 5. O-O Nxe4 6. d4 b5 7. Bb3 d5 8. dxe5 Be6 9. Nbd2 Nc5 10. c3 d4 11. Bc2 d3 12. Bb1 Qd5 13. Nb3 O-O-O 14. Nbd4 Be7 15. b4 Na4 16. Qxd3 Nxe5 17. Nxe5 Qxe5 18. Be3 Bc4 19. Qf5+ Qxf5 20. Bxf5+ Kb7 21. Rfc1 Bf6 22. Nb3 Bxb3 23. axb3 Nxc3 24. Be4+ Nxe4 0-1


[Site "https://www.chess.com"]

[Event "Titled Tuesday Blitz February 14 Late 2023"]
[White "Kobo, Ori"]
[Black "Pein, Jonathan"]
[WhiteFideId "2812320"]
[BlackFideId "417092"]
[WhiteElo "2559"]
[BlackElo "2265"]
[Result "1-0"]
[Round "02"]
[TimeControl "180+2"]
[Date "2023.02.14"]
[WhiteClock "0:02:21"]
[BlackClock "0:00:24"]

1. b3 b6 2. Bb2 Bb7 3. d4 e6 4. e3 f5 5. Nf3 Nf6 6. c4 Bb4+ 7. Nbd2 Ne4 8. a3 Nxd2 9. axb4 Nxf3+ 10. gxf3 Qh4 11. Rg1 Qxh2 12. Rxg7 Qh1 13. d5 exd5 14. Qd4 Nc6 15. Qf6 Rf8 16. Qg5 Qxf3 17. Be2 Qe4 18. Bh5+ Rf7 19. Rg8# 1-0


[Site "https://www.chess.com"]

[Event "Titled Tuesday Blitz February 14 Late 2023"]
[White "Ozen, Bahadir"]
[Black "Sztokbant, Bernardo Vainzoff"]
[WhiteFideId "6337058"]
[BlackFideId "2115956"]
[WhiteElo "2369"]
[BlackElo "2213"]
[Result "1-0"]
[Round "02"]
[TimeControl "180+2"]
[Date "2023.02.14"]
[WhiteClock "0:00:16"]
[BlackClock "0:00:04"]

1. e4 c5 2. Nf3 Nc6 3. Bb5 e6 4. O-O Nge7 5. Re1 a6 6. Bf1 d5 7. exd5 Nxd5 8. d4 Be7 9. c4 Nf6 10. Be3 O-O 11. Nc3 cxd4 12. Nxd4 Bd7 13. Nb3 Bb4 14. Rc1 Ne7 15. a3 Bxc3 16. Rxc3 Nf5 17. Bg5 Bc6 18. Qxd8 Rfxd8 19. Na5 h6 20. Nxc6 bxc6 21. Bf4 Ra7 22. f3 Rb7 23. b4 Rbd7 24. Kf2 Rd1 25. Rxd1 Rxd1 26. Rd3 Ra1 27. Be5 Ra2+ 28. Be2 Kf8 29. g4 Nh4 30. Bg3 Ng6 31. Ke1 Ke8 32. Rd6 Ne7 33. Rd3 Nd7 34. h4 f6 35. Bc7 Ng6 36. h5 Nge5 37. Rb3 Ke7 38. c5 Ra1+ 39. Kf2 Ra2 40. Ke3 f5 41. gxf5 exf5 42. Bxa6 Ra1 43. Be2 Nf7 44. f4 Nf6 45. Bf3 Kd7 46. Bb8 Nd8 47. Rd3+ Kc8 48. Be5 Ne6 49. Bxf6 gxf6 50. Bxc6 Re1+ 51. Kf2 Ra1 52. Bd7+ Kc7 53. Bxe6 Rd1 54. Rxd1 1-0


[Site "https://www.chess.com"]

[Event "Titled Tuesday Blitz February 14 Late 2023"]
[White "Fier, Alexandr"]
[Black "Estrada Nieto, Julian"]
[WhiteFideId "2107139"]
[BlackFideId "5101018"]
[WhiteElo "2589"]
[BlackElo "2215"]
[Result "1-0"]
[Round "02"]
[TimeControl "180+2"]
[Date "2023.02.14"]
[WhiteClock "0:02:20"]
[BlackClock "0:00:17"]

1. d4 d5 2. c4 dxc4 3. e4 e5 4. Nf3 exd4 5. Bxc4 Nc6 6. O-O Be6 7. Bxe6 fxe6 8. Qb3 Qd7 9. Qxb7 Rb8 10. Qa6 Nge7 11. Nbd2 Ng6 12. b3 Bd6 13. Ba3 O-O 14. Rac1 Nce5 15. Bxd6 cxd6 16. Nxd4 Nf4 17. g3 Nfd3 18. Rc3 Qf7 19. f4 Nc5 20. Qxd6 Ned7 21. Rxc5 Nxc5 22. Qxc5 Rbc8 23. Qe5 Rfd8 24. N2f3 Kh8 25. Ng5 Qh5 26. Ndxe6 Rd7 27. Nf3 Qh3 28. Neg5 Qh5 29. Qf5 Rdc7 30. Ne5 Qe2 31. Qxh7# 1-0


[Site "https://www.chess.com"]

[Event "Titled Tuesday Blitz February 14 Late 2023"]
[White "Andreassen, Lars"]
[Black "Sokolovsky, Yahli"]
[WhiteFideId "1504878"]
[BlackFideId "2820242"]
[WhiteElo "2168"]
[BlackElo "2461"]
[Result "0-1"]
[Round "02"]
[TimeControl "180+2"]
[Date "2023.02.14"]
[WhiteClock "0:00:03"]
[BlackClock "0:00:05"]

1. d4 d6 2. Nf3 g6 3. c4 Bg7 4. Nc3 Bg4 5. g3 Bxf3 6. exf3 Nf6 7. Be3 O-O 8. Bg2 c6 9. O-O e6 10. Qd2 d5 11. cxd5 exd5 12. Rfe1 Na6 13. Rad1 Nc7 14. h4 Nfe8 15. Bh3 Nd6 16. b3 Re8 17. Bg5 f6 18. Bf4 f5 19. Kg2 Qd7 20. Be5 Nf7 21. Bxg7 Kxg7 22. Re3 Nd6 23. Rde1 Ncb5 24. Nxb5 Nxb5 25. Re5 Rxe5 26. dxe5 Nc7 27. g4 fxg4 28. fxg4 Ne6 29. f4 Nc5 30. f5 gxf5 31. gxf5 Kh8 32. Qd4 Qg7+ 33. Kh2 Rg8 34. Rg1 Qxg1+ 35. Qxg1 Rxg1 36. Kxg1 Nd3 37. e6 Kg7 38. Bg4 Kf6 39. h5 Ne5 40. Be2 c5 41. h6 Nc6 42. Bd3 Ne7 43. Kf2 Ng8 44. Ke3 Nxh6 45. Kf4 Ng8 46. Be2 Ne7 47. Bg4 b6 48. Bh3 h5 49. a4 a5 50. Kf3 Nc8 51. Kg3 Nd6 52. Kh4 d4 53. Kg3 Ne4+ 54. Kf4 Nd6 55. Kf3 Ne8 56. Ke4 Ng7 57. Kf4 Ne8 58. Ke4 Ke7 59. Kf4 Nf6 60. Bg2 h4 61. Bh3 Nd5+ 62. Ke4 Nf6+ 63. Kf4 Ne8 64. Ke4 Kf6 65. Kf4 Nd6 66. Bg4 b5 67. axb5 Nxb5 68. Ke4 Nc7 69. Bh3 Ne8 70. Kd5 d3 71. Kxc5 d2 72. Bg4 h3 73. Bxh3 d1=Q 0-1


[Site "https://www.chess.com"]

[Event "Titled Tuesday Blitz February 14 Late 2023"]
[White "Kalajzic, Ivan"]
[Black "Papp, Levente"]
[WhiteFideId "14506378"]
[BlackFideId "751243"]
[WhiteElo "2062"]
[BlackElo "2353"]
[Result "1-0"]
[Round "02"]
[TimeControl "180+2"]
[Date "2023.02.14"]
[WhiteClock "0:00:40"]
[BlackClock "0:00:01"]

1. b3 a5 2. a3 Nf6 3. Bb2 g6 4. Bxf6 exf6 5. c4 Bg7 6. Nc3 O-O 7. g3 f5 8. Bg2 c6 9. e3 d5 10. cxd5 cxd5 11. d4 Be6 12. Nge2 Nc6 13. O-O Rc8 14. Qd3 Qd7 15. Rfc1 Ne7 16. Qb5 Qxb5 17. Nxb5 Rc6 18. Rc3 Rfc8 19. Rac1 Bf8 20. Na7 Rxc3 21. Rxc3 Rxc3 22. Nxc3 f6 23. Nab5 Kf7 24. Nc7 Nc6 25. N7b5 Ne7 26. Nd6+ Kg7 27. Nxb7 Nc6 28. Nc5 Bxc5 29. dxc5 d4 30. exd4 Nxd4 31. b4 axb4 32. axb4 Bc4 33. Bf1 Be6 34. b5 Kf7 35. Bg2 Bc8 36. b6 Ne6 37. c6 Nc5 38. Bd5+ 1-0


[Site "https://www.chess.com"]

[Event "Titled Tuesday Blitz February 14 Late 2023"]
[White "Bayo Milagro, Alvaro"]
[Black "Svane, Rasmus"]
[WhiteFideId "22275240"]
[BlackFideId "4657101"]
[WhiteElo "2287"]
[BlackElo "2623"]
[Result "1/2-1/2"]
[Round "02"]
[TimeControl "180+2"]
[Date "2023.02.14"]
[WhiteClock "0:00:07"]
[BlackClock "0:00:14"]

1. e4 c6 2. d4 d5 3. Nc3 dxe4 4. Nxe4 Nf6 5. Nxf6+ exf6 6. c3 Bd6 7. Bd3 O-O 8. Qc2 Re8+ 9. Ne2 h5 10. O-O h4 11. h3 Nd7 12. Be3 Nf8 13. Qd2 Ng6 14. Nf4 Bxf4 15. Bxf4 Be6 16. Rfe1 Qd7 17. Re2 Bf5 18. Bh2 Bxd3 19. Qxd3 Rxe2 20. Qxe2 Re8 21. Qd2 Qd5 22. b3 a5 23. Re1 Rxe1+ 24. Qxe1 a4 25. Qd1 axb3 26. axb3 b5 27. Bc7 Nf8 28. Qf3 Qd7 29. Bb6 Ne6 30. c4 bxc4 31. bxc4 Qb7 32. Bc5 Qb1+ 33. Kh2 Qc2 34. Qxc6 Qxf2 35. Qa8+ Kh7 36. Qe4+ f5 37. Qf3 Qc2 38. Bb6 Kg6 39. d5 Ng5 40. Qf4 Ne4 41. c5 Qd1 42. Qxh4 Qxd5 43. Qf4 Nxc5 44. Qg3+ Kh7 45. Qh4+ Kg8 46. Bxc5 Qxc5 47. Qd8+ Qf8 48. Qg5 Qd6+ 49. Kg1 g6 50. Qe3 Qf6 51. Qf3 Kg7 52. Kh1 Qe5 53. Kg1 Kf6 54. Qc6+ Qe6 55. Qc3+ Qe5 56. Qc6+ Kg5 57. Qf3 Qf4 58. Qe2 Qd4+ 59. Kh1 Kf6 60. Qa6+ Kg5 61. Qe2 Qd6 62. Qe1 Kf6 63. Qa1+ Ke6 64. Qe1+ Qe5 65. Qd1 Ke7 66. Qf1 Qe3 67. Qd1 Kf6 68. Qa1+ Kg5 69. Qf1 f4 70. Qd1 f6 71. Qd5+ Qe5 72. Qd1 Kh6 73. Qf1 Qe3 74. Qd1 Qg3 75. Qf1 Kg5 76. Qd1 Qe3 77. Qd5+ Kh6 78. Qg8 f3 79. gxf3 Qxf3+ 80. Kh2 Qf2+ 81. Kh1 Qg3 82. Qh8+ Kg5 83. Qc8 f5 84. Qd8+ Kh5 85. Qh8+ Kg5 86. Qd8+ Kf4 87. Qd6+ Kf3 88. Qd3+ Kf2 89. Qd2+ Kf1 90. Qd1+ Qe1 91. Qf3+ Qf2 92. Qd1+ Qe1 93. Qf3+ Qf2 94. Qd1+ Qe1 1/2-1/2


[Site "https://www.chess.com"]

[Event "Titled Tuesday Blitz February 14 Late 2023"]
[White "Kollars, Dmitrij"]
[Black "Stanisz, Patryk"]
[WhiteFideId "12909572"]
[BlackFideId "1123106"]
[WhiteElo "2607"]
[BlackElo "2161"]
[Result "1-0"]
[Round "02"]
[TimeControl "180+2"]
[Date "2023.02.14"]
[WhiteClock "0:01:49"]
[BlackClock "0:00:03"]

1. Nc3 c6 2. d4 d5 3. Bf4 Bf5 4. f3 h6 5. e4 Bg6 6. Bd3 e6 7. Nge2 Bb4 8. O-O Nd7 9. a3 Ba5 10. Kh1 Ne7 11. Qe1 Bc7 12. Qg3 Bxf4 13. Nxf4 Nf6 14. Nxg6 Nxg6 15. exd5 Nh5 16. Qe1 Ngf4 17. dxe6 fxe6 18. Qe4 Qf6 19. Bc4 O-O-O 20. Rad1 Nd5 21. Bb3 Rde8 22. Rfe1 Nhf4 23. Ne2 Qg5 24. Nxf4 Nxf4 25. g3 Nd5 26. c4 Nf6 27. Qe5 Qg6 28. Re2 Nd7 29. Qd6 Rhf8 30. f4 h5 31. c5 Qf6 32. Bxe6 Qd8 33. Rde1 Rf6 34. Bxd7+ Qxd7 35. Rxe8+ Qxe8 36. Rxe8# 1-0


[Site "https://www.chess.com"]

[Event "Titled Tuesday Blitz February 14 Late 2023"]
[White "Kanyamarala, Trisha"]
[Black "Urazayev, Arystanbek"]
[WhiteFideId "45004722"]
[BlackFideId "13709810"]
[WhiteElo "2278"]
[BlackElo "2460"]
[Result "0-1"]
[Round "02"]
[TimeControl "180+2"]
[Date "2023.02.14"]
[WhiteClock "0:00:03"]
[BlackClock "0:01:56"]

1. d4 Nf6 2. c4 g6 3. Nc3 Bg7 4. Nf3 O-O 5. h4 d6 6. e4 e5 7. d5 Bg4 8. Be2 Nbd7 9. Be3 Nc5 10. Qc2 Ncxe4 11. Nxe4 Nxe4 12. h5 f5 13. hxg6 hxg6 14. O-O-O f4 15. Bd2 Nxf2 16. Qxg6 Bf5 17. Qh5 Nxh1 18. Rxh1 Qe8 19. Qh4 Qg6 20. Qh2 Rae8 21. Nh4 Qh7 22. Nxf5 Qxh2 23. Rxh2 Rxf5 24. Bg4 Rg5 25. Be6+ Rxe6 26. dxe6 Kf8 27. Kd1 Ke7 28. Ke2 Kxe6 29. Kf2 Kf5 30. Rh7 e4 0-1


[Site "https://www.chess.com"]

[Event "Titled Tuesday Blitz February 14 Late 2023"]
[White "Dzida, Kamil"]
[Black "Mikaelyan, Arman"]
[WhiteFideId "21828652"]
[BlackFideId "13304852"]
[WhiteElo "2352"]
[BlackElo "2523"]
[Result "1/2-1/2"]
[Round "02"]
[TimeControl "180+2"]
[Date "2023.02.14"]
[WhiteClock "0:00:11"]
[BlackClock "0:00:07"]

1. e4 a6 2. d4 b5 3. a4 Bb7 4. Bd3 e6 5. Nf3 c5 6. axb5 axb5 7. Rxa8 Bxa8 8. Bxb5 Bxe4 9. Nbd2 Bc6 10. Bd3 Nf6 11. O-O Be7 12. b3 O-O 13. Bb2 d5 14. Re1 Nbd7 15. Ne5 Nxe5 16. dxe5 Ne4 17. Bxe4 dxe4 18. Qe2 e3 19. Qxe3 Bg5 20. f4 Be7 21. Ne4 c4 22. bxc4 Qa5 23. Bd4 Qa2 24. Nf6+ Kh8 25. Qd3 gxf6 26. Ra1 Qxa1+ 27. Bxa1 f5 28. Bd4 Rg8 29. Qe2 Be4 30. h3 Rg3 31. Kh2 Ra3 32. c3 Ra8 33. c5 Rg8 34. g3 Ra8 35. Bf2 Ra1 36. g4 Rh1+ 37. Kg3 fxg4 38. Qxe4 Rxh3+ 39. Kxg4 Rh2 40. Kf3 Rh3+ 41. Ke2 Rxc3 42. c6 Kg7 43. Bd4 Rc4 44. Kd3 Rc1 45. f5 exf5 46. Qxf5 Rxc6 47. e6+ f6 48. Qg5+ Kf8 49. Qh6+ Ke8 50. Qh5+ Kd8 51. Qf7 Rd6 52. Ke4 f5+ 53. Ke3 Rd5 54. Qg8+ Kc7 55. Qf7 Kd6 56. Bf6 Bxf6 57. Qxf6 Re5+ 58. Kf4 Rxe6 59. Qxf5 Rg6 60. Qd3+ Ke6 61. Qc4+ Ke7 62. Qc7+ Ke8 63. Qxh7 Rd6 64. Ke5 Rc6 65. Qb7 Rg6 66. Qb5+ Ke7 67. Kf5 Rf6+ 68. Ke5 Re6+ 69. Kd5 Rd6+ 70. Kc5 Re6 71. Qb7+ Ke8 72. Kd5 Rf6 73. Ke5 Rg6 74. Qe4 Kf7 75. Qf5+ Kg7 76. Qf4 Rh6 77. Qg5+ Rg6 78. Qe7+ Kg8 79. Kf5 Rh6 80. Kg5 Rh7 81. Qe8+ Kg7 82. Qg6+ Kh8 83. Kf6 Rf7+ 84. Kg5 Rg7 85. Kh6 Rxg6+ 86. Kxg6 1/2-1/2


[Site "https://www.chess.com"]

[Event "Titled Tuesday Blitz February 14 Late 2023"]
[White "Rustemov, Alexander"]
[Black "Rottenwohrer Suarez, Juan"]
[WhiteFideId "4119002"]
[BlackFideId "32068182"]
[WhiteElo "2525"]
[BlackElo "2265"]
[Result "1-0"]
[Round "02"]
[TimeControl "180+2"]
[Date "2023.02.14"]
[WhiteClock "0:01:52"]
[BlackClock "0:00:20"]

1. d4 Nf6 2. c4 g6 3. Nf3 Bg7 4. g3 b6 5. Bg2 Bb7 6. O-O O-O 7. d5 Na6 8. Nc3 Nc5 9. Re1 Nfe4 10. Nxe4 Nxe4 11. Qc2 Nc5 12. e4 c6 13. Be3 cxd5 14. exd5 Rc8 15. Bd4 a5 16. Bxg7 Kxg7 17. Nd4 d6 18. Re3 Re8 19. Rae1 Qd7 20. Qe2 Kf8 21. h4 h5 22. Kh2 Rc7 23. Nb5 Rcc8 24. Bh3 e6 25. Nd4 Ba8 26. dxe6 fxe6 27. Nxe6+ Nxe6 28. Bxe6 Qb7 29. Bd5 Rxe3 30. Qxe3 Qg7 31. Qf3+ 1-0


[Site "https://www.chess.com"]

[Event "Titled Tuesday Blitz February 14 Late 2023"]
[White "Lorenzo De La Riva, Lazaro"]
[Black "Maksimovic, Bojan"]
[WhiteFideId "2268809"]
[BlackFideId "14408120"]
[WhiteElo "2404"]
[BlackElo "2486"]
[Result "0-1"]
[Round "02"]
[TimeControl "180+2"]
[Date "2023.02.14"]
[WhiteClock "0:00:27"]
[BlackClock "0:00:06"]

1. d4 Nf6 2. c4 c5 3. d5 e5 4. Nc3 d6 5. h3 Be7 6. e4 O-O 7. g4 Nbd7 8. Nf3 Ne8 9. Bd3 g6 10. h4 Ndf6 11. Nh2 Ng7 12. f3 h5 13. g5 Nh7 14. Be3 f6 15. gxf6 Bxf6 16. Bf2 Bxh4 17. Qd2 Qg5 18. Qe2 Bxf2+ 19. Qxf2 Qf6 20. O-O-O Bd7 21. Kb1 Rf7 22. Rdg1 Raf8 23. Qg2 g5 24. Be2 a6 25. Nf1 Qf4 26. Ng3 h4 27. Nf1 Kh8 28. Bd1 Nh5 29. Qc2 Qf6 30. Ne3 Nf4 31. Rf1 b5 32. Be2 b4 33. Ncd1 a5 34. Nf2 Qe7 35. Nfg4 Bxg4 36. Nxg4 Nf6 37. Ne3 N6h5 38. Rfg1 Rh7 39. Nf5 Rxf5 40. exf5 Nxe2 41. Qxe2 Ng3 42. Qd3 Nxh1 43. Rxh1 Qf6 44. f4 gxf4 45. Ka1 Rh5 46. a3 Qxf5 47. Qb3 f3 48. Qa4 f2 49. Qe8+ Kg7 50. Rf1 Rg5 51. Qe7+ Kh6 52. Qxd6+ Kh5 53. Qxc5 Rg2 54. d6 Qd3 55. Qxe5+ Kg4 56. Qg7+ Kh3 57. Rh1+ Rh2 58. Qd7+ Kg2 59. Qc6+ Kg3 0-1


[Site "https://www.chess.com"]

[Event "Titled Tuesday Blitz February 14 Late 2023"]
[White "Bolourchifard, Farzad"]
[Black "Ansh M Shah"]
[WhiteFideId "12510084"]
[BlackFideId "25033379"]
[WhiteElo "2292"]
[BlackElo "2171"]
[Result "1/2-1/2"]
[Round "02"]
[TimeControl "180+2"]
[Date "2023.02.14"]
[WhiteClock "0:00:07"]
[BlackClock "0:00:06"]

1. e4 c6 2. d4 d5 3. exd5 cxd5 4. Bd3 Nc6 5. c3 Nf6 6. Bf4 Bg4 7. Qb3 Qd7 8. Nd2 e6 9. Ngf3 Bd6 10. Bg3 O-O 11. O-O Bxg3 12. fxg3 a6 13. Rae1 Bh5 14. Ne5 Nxe5 15. dxe5 Ne8 16. Nf3 Bg6 17. Bxg6 hxg6 18. Qb4 Rc8 19. Qh4 Rc4 20. g4 f6 21. h3 Re4 22. exf6 gxf6 23. Nd4 e5 24. Nf3 Rxe1 25. Rxe1 g5 26. Qf2 Nd6 27. Rd1 Ne4 28. Qe3 Rd8 29. Kh2 Qc6 30. Qd3 Kg7 31. Qe3 Qc5 32. Qe2 b5 33. Nd2 Nxd2 34. Rxd2 d4 35. Qd3 Rd5 36. Qe4 Qd6 37. cxd4 Rxd4 38. Rxd4 exd4+ 39. Kg1 d3 40. Qb7+ Kg6 41. Qe4+ Kg7 42. Qb7+ Kh6 43. Qc8 d2 44. Qh8+ Kg6 45. Qg8+ Kh6 46. Qh8+ Kg6 47. Qg8+ Kh6 48. Qh8+ 1/2-1/2


[Site "https://www.chess.com"]

[Event "Titled Tuesday Blitz February 14 Late 2023"]
[White "Dzierzak, Radoslaw"]
[Black "Amburgy, Ryan"]
[WhiteFideId "1161407"]
[BlackFideId "30924820"]
[WhiteElo "2220"]
[BlackElo "2246"]
[Result "1-0"]
[Round "02"]
[TimeControl "180+2"]
[Date "2023.02.14"]
[WhiteClock "0:00:10"]
[BlackClock "0:00:12"]

1. e4 c6 2. Nf3 d5 3. Nc3 dxe4 4. Nxe4 Nf6 5. Qe2 Nxe4 6. Qxe4 Nd7 7. Bc4 Nf6 8. Ne5 e6 9. Qe2 b5 10. Bb3 Qc7 11. d4 Bd6 12. O-O O-O 13. Bf4 Nd5 14. Bg3 f5 15. f3 c5 16. dxc5 Bxc5+ 17. Kh1 Qb6 18. Nd3 Bd6 19. Bxd5 exd5 20. Bxd6 Qxd6 21. Qe5 Rd8 22. Rfe1 Kf7 23. Rad1 Be6 24. Nf4 Qxe5 25. Rxe5 Rd6 26. Nxe6 Rxe6 27. Rxf5+ Kg6 28. Rfxd5 Rae8 29. h4 Re2 30. R1d2 h5 31. Rg5+ Kf7 32. Rd7+ Kf6 33. Rc5 a6 34. Rd6+ R8e6 35. Rxe6+ Kxe6 36. Kg1 Rd2 37. Kf1 g6 38. Rc6+ Kf5 39. Kg1 b4 40. Kh2 a5 41. Kg3 a4 42. Rc4 b3 43. cxb3 axb3 44. axb3 Rxb2 45. b4 Kf6 46. Kh3 Rb3 47. Kg3 Rb2 48. Rc6+ Kf5 49. Rc5+ Kf6 50. b5 Kg7 51. f4 Rb3+ 52. Kf2 Kh6 53. Re5 Kg7 54. Rg5 Kf6 55. g3 Rc3 56. Ke2 Rc8 57. Kd3 Rc1 58. Kd4 Rb1 59. Kc5 Rc1+ 60. Kb6 Rc3 61. Kb7 Kf7 62. b6 Rb3 63. Ka7 Ra3+ 64. Kb8 Kf6 65. b7 Ke7 66. Rc5 Kd7 67. Rd5+ Kc6 68. Rg5 Kd7 69. Rxg6 Rb3 70. Rg7+ Kd8 71. f5 Rb6 72. Rf7 Ke8 73. Rc7 Kd8 74. Rc8+ Kd7 75. Rc7+ Kd8 76. Rc5 Rb1 77. Rd5+ Ke7 78. Kc7 Rc1+ 79. Kb6 Kf6 80. Rb5 Re1 81. b8=Q Kg7 82. Qc7+ Kf8 83. Rd5 Re7 84. Qd8+ Kf7 85. Qxe7+ Kxe7 86. Kc6 Kf6 87. Kd6 Kg7 88. Ke6 Kf8 89. f6 Kg8 90. Rd7 Kh8 91. Kf5 Kg8 92. Kg6 Kf8 93. Rd8# 1-0


[Site "https://www.chess.com"]

[Event "Titled Tuesday Blitz February 14 Late 2023"]
[White "Oro, Faustino"]
[Black "Gutkin, Ilya"]
[WhiteFideId "20000197"]
[BlackFideId "16203470"]
[WhiteElo "2269"]
[BlackElo "2273"]
[Result "1-0"]
[Round "02"]
[TimeControl "180+2"]
[Date "2023.02.14"]
[WhiteClock "0:00:10"]
[BlackClock "0:00:02"]

1. e4 e6 2. d4 d5 3. Nd2 c5 4. Ngf3 cxd4 5. Nxd4 Nc6 6. Nxc6 bxc6 7. Bd3 Nf6 8. Qe2 g6 9. O-O Bg7 10. Rd1 O-O 11. c4 Ba6 12. cxd5 Bxd3 13. Qxd3 cxd5 14. exd5 Qxd5 15. Qe2 Rfd8 16. Re1 Rac8 17. Nf3 Qd3 18. Be3 Qxe2 19. Rxe2 Nd5 20. Bxa7 Nf4 21. Ree1 Bxb2 22. Rab1 Bc3 23. Red1 Rxd1+ 24. Rxd1 Nd5 25. Be3 Ra8 26. Rc1 Rxa2 27. Bh6 Ra1 28. Rxa1 Bxa1 29. Kf1 f6 30. Nd2 g5 31. Nf3 Kf7 32. h4 g4 33. Ne1 f5 34. Nd3 e5 35. g3 e4 36. Nc5 Bd4 37. Nb3 Bb6 38. Ke2 Ke6 39. Bd2 Ne7 40. Bc3 Nc6 41. Nd2 Ne7 42. Nc4 Bc5 43. Nd2 Nd5 44. Bb2 f4 45. Nb3 Bb6 46. Nd2 f3+ 47. Ke1 e3 48. fxe3 Nxe3 49. Ne4 Nf5 50. Bc1 Kd5 51. Nf6+ Kd4 52. Nxg4 Nxg3 53. Be3+ Kd3 54. Bxb6 Nf5 55. Nf2+ Kc4 56. h5 Kd5 57. Ba5 Ke5 58. Bd2 Ng3 59. h6 Nf5 60. Ng4+ Ke4 61. Kf2 Nd6 62. Nf6+ 1-0


[Site "https://www.chess.com"]

[Event "Titled Tuesday Blitz February 14 Late 2023"]
[White "Bjelobrk, Igor"]
[Black "Gatterer, Florian"]
[WhiteFideId "4300726"]
[BlackFideId "811688"]
[WhiteElo "2403"]
[BlackElo "2170"]
[Result "1-0"]
[Round "02"]
[TimeControl "180+2"]
[Date "2023.02.14"]
[WhiteClock "0:00:20"]
[BlackClock "0:00:01"]

1. d4 d5 2. c4 c6 3. g3 Nf6 4. Bg2 g6 5. Nf3 Bg7 6. O-O O-O 7. a4 Bf5 8. Nc3 dxc4 9. Ne5 Ng4 10. Nxc4 Bxd4 11. Qb3 Be6 12. Bf4 Nxf2 13. e3 Na6 14. Rxf2 Nc5 15. Qc2 Bxc4 16. exd4 Nd3 17. Be3 Nxf2 18. Bxf2 Bd5 19. Nxd5 cxd5 20. Qb3 e6 21. Bf1 b6 22. Ba6 Qg5 23. Be3 Qf5 24. Rc1 h5 25. h4 Qf3 26. Kh2 Rad8 27. Rf1 Qe4 28. Rf4 Qb1 29. Rf2 Qe1 30. Kg2 f6 31. Qd3 Kg7 32. Bf4 Qb4 33. b3 e5 34. dxe5 Qe4+ 35. Qxe4 dxe4 36. exf6+ Kxf6 37. Bg5+ Ke6 38. Bxd8 Rxd8 39. Re2 Kf5 40. Bb7 Rd4 41. Kf2 Rb4 42. Bd5 1-0


[Site "https://www.chess.com"]

[Event "Titled Tuesday Blitz February 14 Late 2023"]
[White "Figorito, Nick"]
[Black "Rorrer, Grayson"]
[WhiteFideId "30923689"]
[BlackFideId "30944996"]
[WhiteElo "2036"]
[BlackElo "2263"]
[Result "0-1"]
[Round "02"]
[TimeControl "180+2"]
[Date "2023.02.14"]
[WhiteClock "0:00:47"]
[BlackClock "0:00:39"]

1. Nf3 d6 2. g3 e5 3. Bg2 f5 4. O-O Nf6 5. c4 Be7 6. Nc3 O-O 7. d3 c6 8. c5 h6 9. cxd6 Bxd6 10. Bd2 Be6 11. Qc2 Nbd7 12. a3 Qe7 13. b4 Kh8 14. Na4 g5 15. Be3 f4 16. Bc5 Bf5 17. Bxd6 Qxd6 18. Nc5 Nxc5 19. bxc5 Qe7 20. Qb2 e4 21. dxe4 Bxe4 22. a4 Kh7 23. a5 Rab8 24. Qb4 Bd5 25. Qb1+ Kh8 26. Qc2 Ne4 27. Nd4 Qe5 28. Rad1 fxg3 29. hxg3 Nxf2 30. Rxf2 Rxf2 31. Kxf2 Rf8+ 32. Kg1 Qe3+ 33. Kh1 Bxg2+ 34. Kxg2 Rf2+ 35. Kh1 Qxg3 0-1


[Site "https://www.chess.com"]